Map: Kairos Junction LE

Players

MarineLorD - Winner!

  • Race: Terran Terran
  • Spawn Location: 5:00

Probe

  • Race: Protoss Protoss
  • Spawn Location: 11:00

Event: 2019 WCS Summer

VOD

Have the link to the VOD?

Description

Time

  • Played on: July 12, 2019, 1:24 p.m.
  • Length: 8:25

All games in this series

Show
View Real Time Build Order
Export as new Build Order

MarineLorD Terran - Winner!

Build Orders: Reaper Expand 

Get SALT Encoding   

  12  0:00  SCV  
  13  0:12  SCV  
  14  0:16  Supply Depot  
  14  0:24  SCV  
  15  0:38  SCV  
  15  0:40  Barracks  
  16  0:44  Refinery  
  16  0:50  SCV  
  17  1:02  SCV  
  18  1:14  SCV  
  19  1:27  Orbital Command, Reaper  
  20  1:40  Command Center  
  20  1:53  SCV  
  21  1:59  Barracks Reactor, Supply Depot  
  21  2:05  SCV  
  21  2:07  Refinery  
  22  2:17  SCV  
  23  2:25  Factory  
  23  2:29  SCV  
  24  2:36  Marine x2  
  26  2:41  SCV  
  27  2:53  SCV  
  27  2:54  Marine x2  
  27  2:55  Orbital Command  
  30  3:05  SCV  
  31  3:11  Widow Mine, Starport  
  31  3:12  Marine x2  
  35  3:17  SCV  
  36  3:22  SCV  
  36  3:23  Bunker  
  37  3:29  SCV  
  37  3:30  Marine x2  
  37  3:32  Widow Mine  
  42  3:34  SCV  
  42  3:41  SCV  
  42  3:43  Supply Depot  
  42  3:46  Supply Depot  
  42  3:47  Marine  
  42  3:48  Marine  
  45  3:51  SCV  
  46  3:57  Factory Tech Lab  
  46  4:04  Barracks, Viking, SCV x2  
  46  4:09  Barracks  
  50  4:16  SCV  
  51  4:17  Supply Depot  
  51  4:18  Marine  
  51  4:19  Marine  
  51  4:21  SCV  
  54  4:28  SCV  
  55  4:32  Engineering Bay  
  55  4:33  SCV  
  55  4:34  Starport Tech Lab  
  55  4:36  Marine  
  55  4:38  Supply Depot  
  57  4:40  SCV  
  57  4:41  Supply Depot  
  59  4:45  SCV  
  59  4:48  Marine, Refinery  
  60  4:53  SCV  
  60  4:54  Marine  
  60  4:57  SCV  
  60  4:58  Terran Infantry Weapons Level 1  
  63  5:01  Stimpack, Marauder  
  63  5:04  Marauder  
  63  5:05  Starport Reactor  
  63  5:06  Factory Reactor  
  67  5:12  Combat Shield  
  67  5:13  Refinery  
  67  5:22  Marauder  
  67  5:23  SCV x2  
  64  5:29  Missile Turret  
  64  5:31  Marine  
  64  5:32  Marauder  
  64  5:38  SCV x2  
  66  5:46  Marauder, Marine  
  66  5:49  Marine  
  70  5:51  SCV x2  
  70  5:53  Medivac  
  70  5:55  Medivac  
  76  5:59  Marauder  
  76  6:01  Widow Mine  
  80  6:04  Supply Depot  
  80  6:07  Marine x2  
  80  6:10  Widow Mine  
  84  6:13  Missile Turret  
  84  6:22  Supply Depot  
  84  6:23  Supply Depot  
  84  6:24  Medivac  
  86  6:25  Medivac  
  86  6:26  Marauder  
  86  6:28  Marine  
  86  6:29  Marine  
  86  6:31  Concussive Shells  
  92  6:35  Marauder  
  92  6:39  Supply Depot  
  94  6:42  Supply Depot  
  94  6:44  SCV x2  
  94  6:46  Widow Mine x2  
  100  6:48  Marine x2  
  100  6:53  Marauder  
  104  6:59  Marauder  
  106  7:04  SCV  
  106  7:08  Medivac x2  
  108  7:14  Marauder, Marine  
  105  7:21  Marauder  
  105  7:22  Marine  
  92  7:32  Marine  
  92  7:36  Marauder  
  95  7:37  Widow Mine x2  
  95  7:38  Medivac  
  95  7:42  Marauder  
  101  7:46  Command Center  
  101  7:48  SCV  
  101  7:49  SCV  
  103  7:54  Marine, Supply Depot  
  103  7:57  Marauder  
  106  8:01  SCV  
  106  8:03  Marauder  
Show
View Real Time Build Order
Export as new Build Order

Probe Protoss 

Build Orders: 1 Gate Expand, Oracle Opening, Zealot Archon 

Get SALT Encoding   

  12  0:00  Probe  
  13  0:12  Probe  
  14  0:16  Pylon  
  14  0:24  Probe  
  15  0:32  Probe  
  15  0:37  Gateway  
  15  0:40  Probe  
  16  0:46  Assimilator  
  17  0:51  Probe  
  18  1:03  Probe  
  19  1:15  Probe  
  20  1:22  Nexus  
  20  1:33  Cybernetics Core  
  20  1:34  Probe  
  21  1:40  Assimilator  
  21  1:46  Probe  
  22  1:49  Pylon  
  22  1:58  Probe  
  22  2:00  Adept  
  23  2:06  Probe  
  23  2:15  Probe  
  26  2:16  Stargate  
  26  2:25  Probe  
  26  2:27  Warp Gate  
  27  2:30  Probe, Adept  
  30  2:37  Probe  
  30  2:38  Probe  
  32  2:49  Probe  
  31  2:51  Probe  
  32  2:58  Oracle  
  32  3:01  Probe  
  32  3:04  Probe  
  37  3:13  Probe  
  37  3:14  Pylon  
  37  3:16  Probe  
  39  3:26  Probe  
  40  3:28  Probe  
  40  3:29  Gateway  
  40  3:31  Gateway  
  41  3:38  Probe  
  41  3:40  Probe, Adept  
  45  3:41  Oracle  
  45  3:44  Pylon  
  45  3:50  Probe  
  45  3:52  Probe  
  50  4:02  Probe  
  51  4:04  Probe  
  51  4:09  Assimilator, Oracle  
  52  4:11  Assimilator  
  52  4:13  Pylon  
  52  4:14  Probe  
  52  4:16  Probe  
  57  4:25  Adept x2  
  57  4:28  Pylon  
  61  4:33  Adept  
  63  4:40  Nexus  
  63  4:42  Pylon  
  63  4:43  Probe  
  64  4:52  Twilight Council  
  64  4:55  Forge  
  64  4:56  Sentry  
  64  4:57  Probe  
  64  4:59  Probe  
  68  5:10  Probe  
  68  5:11  Probe  
  65  5:22  Charge, Probe  
  65  5:23  Probe  
  65  5:27  Protoss Ground Armor Level 1  
  57  5:29  Gateway  
  57  5:30  Gateway  
  57  5:32  Gateway  
  58  5:35  Probe  
  56  5:47  Probe  
  56  5:48  Sentry, Gateway, Zealot  
  60  5:51  Gateway  
  60  5:56  Zealot  
  62  6:01  Robotics Facility  
  62  6:07  Shield Battery  
  62  6:10  Zealot  
  62  6:11  Zealot  
  66  6:18  Templar Archives  
  66  6:19  Probe  
  66  6:20  Probe x2  
  66  6:24  Zealot  
  66  6:25  Zealot x2  
  75  6:32  Probe x3  
  78  6:35  Zealot x3  
  84  6:44  Probe  
  85  6:47  Pylon  
  85  6:50  Zealot x2  
  85  6:51  Observer  
  90  6:55  High Templar x3  
  90  6:56  Zealot, High Templar  
  90  7:00  Pylon  
  90  7:01  Archon, Pylon  
  100  7:02  Pylon  
  93  7:09  Zealot  
  93  7:10  Probe  
  93  7:14  Archon  
  79  7:17  Zealot x3  
  75  7:25  Probe  
  75  7:26  Probe  
  75  7:28  Zealot x4  
  75  7:29  Probe  
  74  7:42  Sentry, High Templar x2  
  74  7:44  Zealot  
  82  7:47  Archon  
  82  7:48  Probe x2  
  84  7:55  Zealot x4  
  86  8:11  Zealot  
  86  8:12  Zealot  
  82  8:15  Zealot x5  
  82  8:16  Zealot  
Tags
 
Add a new tag
Caveats
  • Supply blocks, unpowered buildings, or Contaminate may cause inaccurate times.
  • Supply counts are checked every 10 seconds.